 Dungeon Crawl Stone Soup version 0.26-a0-43-g20b394cb32 (webtiles) character file.

Game seed: 5135669810503287989

289 MarredHen the Conjurer (level 6, -3/35 HPs)
             Began as a Kobold Conjurer on June 2, 2020.
             Was an Initiate of Ashenzari.
             Slain by a gnoll
             ... wielding a +0 dagger
              (4 damage)
             ... on level 5 of the Dungeon.
             The game lasted 00:27:33 (4635 turns).

MarredHen the Conjurer (Kobold Conjurer)            Turns: 4635, Time: 00:27:34

Health: -3/35      AC:  3    Str:  3 (5)  XL:     6   Next: 58%
Magic:  11/11      EV: 13    Int: 17 (19) God:    Ashenzari [......]
Gold:   146        SH:  4    Dex: 13 (15) Spells: 11/12 levels left

rFire    . . .     SeeInvis .   v - +4 whip (holy)
rCold    . . .     Gourm    .   p - +0 buckler
rNeg     . . .     Faith    +   o - +0 leather armour
rPois    .         Spirit   .   (no helmet)
rElec    .         Reflect  .   (no cloak)
rCorr    .         Harm     .   (no gloves)
MR       .....                  (no boots)
Stlth    ++........             i - amulet of faith
HPRegen  0.11/turn              (no ring)
MPRegen  0.12/turn              (no ring)

@: flying, hasted, very quick
A: small, carnivore
a: Curse Item, Renounce Religion


You were on level 5 of the Dungeon.
You worshipped Ashenzari.
Ashenzari was noncommittal.
You were not hungry.

You visited 1 branch of the dungeon, and saw 5 of its levels.

You collected 146 gold pieces.

Inventory:

Hand Weapons
 v - a +4 whip of holy wrath (weapon)
Armour
 a - a +0 robe
 o - a +0 leather armour (worn)
 p - a +0 buckler (worn)
Magical Staves
 u - an uncursed staff of conjuration
Jewellery
 i - an amulet of faith (around neck)
Scrolls
 b - a scroll of teleportation
 g - a scroll of blinking
 k - a scroll of enchant armour
 l - a scroll of enchant weapon {unknown}
 q - a scroll of magic mapping {unknown}
 r - 2 scrolls of amnesia
Potions
 e - a potion of flight
 f - a potion of haste
 j - a potion of lignification {unknown}
 m - a potion of brilliance {unknown}
 n - a potion of mutation {unknown}
 s - a potion of might {unknown}
Comestibles
 c - 6 rations


   Skills:
 + Level 1.7 Fighting
   Level 1.2 Short Blades
 - Level 0.2 Maces & Flails
 + Level 3.4 Dodging
 + Level 3.6 Stealth
 - Level 0.2 Unarmed Combat
 + Level 3.5 Spellcasting
 * Level 5.6 Conjurations


You had 11 spell levels left.
You knew the following spells:

 Your Spells              Type           Power        Failure   Level  Hunger
a - Magic Dart            Conj           ###.         5%          1    None

Your spell library contained the following spells:

 Spells                   Type           Power        Failure   Level  Hunger
 Searing Ray              Conj           ###...       9%          2    ##.....
 Dazzling Flash           Conj/Hex       ##....       45%         3    ###....
 Fulminant Prism          Conj/Hex       ##........   86%         4    ####...
 Iskenderun's Mystic Bla  Conj/Tloc      ##......     86%         4    ####...


Dungeon Overview and Level Annotations

Branches:
Dungeon (5/15)
 Temple: D:4-7

Altars:
Ashenzari
Gozag
Nemelex Xobeh


Innate Abilities, Weirdness & Mutations

You are small and have problems with some larger weapons.
You are carnivorous and can eat meat at any time.


Message History

Confirm with . or Enter, or press ? or * to list all spells.
Aiming: Magic Dart (safe; 4% risk of failure)
Press: ? - help, Shift-Dir - straight line, f - gnoll
Aim: a gnoll, wielding a +0 dagger and wearing a +0 robe The magic dart hits the gnoll but does no damage.
The gnoll hits you with a +0 dagger!
* * * LOW HITPOINT WARNING * * *
You feel yourself speed up. You block the gnoll's attack.
It was a potion of flight.
You feel very buoyant.
You fly up into the air.
It was a potion of magic.
Magic courses through your body. The gnoll hits you with a +0 dagger.
* * * LOW HITPOINT WARNING * * *
Unknown command.
It was a potion of degeneration.
There was something very wrong with that liquid.
You feel weakened.
You feel dopey.
You feel clumsy. The gnoll hits you with a +0 dagger.
You die...

##+#
##...##
#....@#
#.....g.#
#.........#
+.a.......+
#....!....#
##.......##
##.....##
##...##


You could see a worker ant (asleep) and a gnoll.

Vanquished Creatures
  A phantom (D:3)
  4 gnolls (D:2)
  4 adders
  A shadow imp (D:3)
  An ooze (D:2)
  An adder zombie (D:3)
  4 worms
  3 dart slugs
  A leopard gecko (D:1)
  3 orcs
  2 giant cockroaches
  6 hobgoblins
  18 jackals
  3 kobolds
  10 bats
  4 frilled lizards
  13 goblins
  11 rats
90 creatures vanquished.

Notes
Turn   | Place    | Note
-------+----------+-------------------------------------------
     0 | D:1      | MarredHen the Kobold Conjurer began the quest for the Orb.
     0 | D:1      | Reached XP level 1. HP: 10/10 MP: 3/3
   130 | D:1      | Reached XP level 2. HP: 6/15 MP: 0/5
   725 | D:1      | Reached skill level 1 in Short Blades
   725 | D:1      | Reached XP level 3. HP: 19/19 MP: 3/6
  1695 | D:2      | Found a shattered altar of Ashenzari.
  1699 | D:2      | Reached XP level 4. HP: 9/24 MP: 2/7
  1706 | D:2      | Found a sparkling altar of Nemelex Xobeh.
  2198 | D:2      | Reached skill level 5 in Conjurations
  2793 | D:2      | Reached XP level 5. HP: 28/28 MP: 2/9
  3044 | D:2      | Became a worshipper of Ashenzari the Shackled
  3125 | D:3      | Found an opulent altar of Gozag.
  3582 | D:3      | Reached skill level 1 in Fighting
  4224 | D:4      | Reached XP level 6. HP: 34/34 MP: 5/10
  4241 | D:4      | Noticed a phantom
  4431 | D:3      | Killed a phantom
  4629 | D:5      | Entered Level 5 of the Dungeon
  4634 | D:5      | HP: 1/35 [gnoll/+0 dagger (5)]
  4635 | D:5      | Slain by a gnoll

Illustrated notes

Levels and vault maps discovered:
D:1:      lightli_arrival_boilingwater, layout_basic, minmay_cupped
D:2:      layout_rooms, chequers_temple_overflow_statue_of_worship, first_ration
D:3:      layout_rooms, lemuel_round_altar, chequers_serial_rivers_large_a
D:4:      layout_cave_pools, marbit_many_paths, serial_shops, kennysheep_mini,
          wad_orctagon
D:5:      layout_loops_corners, minmay_temple_entry_from_below_b,
          amethyst_killhole, nemelex_spade_bored_becter, uniq_crazy_yiuf_cottage

Skill      XL: |  1  2  3  4  5 |
---------------+----------------+-----
Short Blades   | 1 |  1.2
Conjurations   | 5 |  5.6
Stealth        | 3 |  3.6
Spellcasting   | 3 |  3.5
Dodging        | 3 |  3.4
Fighting       | 1 |  1.7
Maces & Flails | |  0.2
Unarmed Combat | |  0.2

Action                   |  1- 3 |  4- 6 || total
-------------------------+-------+-------++-------
Melee: Unarmed           |    15 |       ||    15
       Short sword       |     7 |       ||     7
       Mace              |     2 |    15 ||    17
       Whip              |       |     9 ||     9
 Cast: Magic Dart        |    70 |   164 ||   234
  Use: Scroll            |     2 |     2 ||     4
       Potion            |     1 |     4 ||     5
  Eat: Chunk             |    11 |     2 ||    13
Armor: Robe              |    11 |     4 ||    15
       Leather armour    |       |     1 ||     1
Dodge: Dodged            |    35 |    50 ||    85
Block: Buckler           |       |     5 ||     5

Table legend:
 A = Non-vault XP
 B = Vault XP
 C = Vault XP percentage of total XP
 D = Non-vault monster count
 E = Vault monster count
 F = Vault count percentage of total count
                 A         B        C        D         E       F
            +---------+---------+-------+---------+---------+-------
      Total |     407 |       7 |   1.7 |      87 |       3 |   3.3
            +---------+---------+-------+---------+---------+-------
        D:1 |      44 |       7 |  13.7 |      24 |       3 |  11.1
        D:2 |     120 |       0 |   0.0 |      33 |       0 |   0.0
        D:3 |     214 |       0 |   0.0 |      22 |       0 |   0.0
        D:4 |      29 |       0 |   0.0 |       8 |       0 |   0.0
            +---------+---------+-------+---------+---------+-------
